 Dungeon Crawl Stone Soup version 0.32-a0-933-ga8fa3634e4 (webtiles) character file.

Game seed: 9545996987364462909

32 Autsider the Chiller (level 3, -2/27 HPs)
             Began as a Merfolk Ice Elementalist on Apr 14, 2024.
             Killed from afar by Natasha (8 damage)
             ... with a puff of flame
             ... on level 2 of the Dungeon.
             The game lasted 00:02:29 (1143 turns).

Autsider the Chiller (Merfolk Ice Elementalist)     Turns: 1143, Time: 00:02:30

Health: -2/27      AC:  2    Str:  8    XL:     3   Next: 27%
Magic:  6/6        EV: 12    Int: 16    God:
Gold:   54         SH:  0    Dex: 14    Spells: 2/6 levels left

rFire   . . .        b - +0 spear
rCold   . . .        (no shield)
rNeg    . . .        a - +0 robe
rPois   .            (no helmet)
rElec   .            (no cloak)
rCorr   .            (no gloves)
SInv    .            (no boots)
Will    .....        (no amulet)
Stlth   ++           (no ring)
HPRegen 0.24/turn    (no ring)
MPRegen 0.10/turn

%: no passive effects
@: no status effects
A: (nimble swimmer 2), mertail
a: no special abilities


You were on level 2 of the Dungeon.
You visited 1 branch of the dungeon, and saw 2 of its levels.

You collected 54 gold pieces.

Inventory:

Hand Weapons
 b - a +0 spear (weapon)
Armour
 a - a +0 robe (worn)
Scrolls
 c - a scroll of amnesia {unknown}
 d - a scroll of vulnerability {unknown}
Potions
 e - a potion of curing {unknown}
 f - a potion of lignification {unknown}


   Skills:
 + Level 1.7 Fighting
 + Level 3.5 Dodging
 - Level 2.1 Stealth
 - Level 2.0 Spellcasting
 + Level 4.7 Ice Magic


You had 2 spell levels left.
You knew the following spells:

 Your Spells              Type           Power      Damage    Failure   Level
a - Freeze                Ice            64%        1d7       3%          1
b - Frozen Ramparts       Ice            32%        1d5       9%          3

Your spell library contained the following spells:

 Spells                   Type           Power      Damage    Failure   Level
 Ozocubu's Armour         Ice            16%        N/A       9%          3
 Summon Ice Beast         Ice/Summ       9%         N/A       24%         3


Dungeon Overview and Level Annotations

Branches:
Dungeon (2/15)

Altars:

Annotations:
D:2 Natasha


Innate Abilities, Weirdness & Mutations

((You are very nimble when in or above water. (Stealth+, EV+, Speed+++)))
Your lower body shifts to a powerful aquatic tail in water.


Message History

This spell is quite dangerous to cast!
You finish memorising.
Spell assigned to 'b'.
Okay, then.
Magic restored.
You see here a quokka corpse.
Found an escape hatch in the floor.
f - a black potion
Found a robe.
A kobold comes into view. It is wielding a +0 dagger.
Found a fizzy silvery potion, a sedimented cyan potion and a book of Hexes.
Found a quarterstaff.
Found a stone staircase leading down.
The kobold shouts!
Natasha, Servant of Life and Death comes into view.
She is carrying a wand of flame.
The kobold throws a stone.
The stone hits you.
The kobold throws a stone.
The stone hits you.
You reach to attack!
You hit the kobold but do no damage.
The kobold throws a stone.
The stone hits you but does no damage.
You reach to attack!
You hit the kobold but do no damage.
The kobold throws a stone.
The stone misses you.
You reach to attack!
You miss the kobold.
The kobold throws a stone.
The stone hits you.
You reach to attack!
You barely miss the kobold. You hit the kobold.
The kobold is moderately wounded.
The kobold hits you with a +0 dagger.
You barely miss the kobold.
The kobold is moderately wounded.
The kobold completely misses you.
You closely miss the kobold.
The kobold is moderately wounded.
The kobold hits you with a +0 dagger.
Natasha hisses angrily.
You hit the kobold.
You kill the kobold!
Natasha zaps a wand.
The puff of flame hits you!
Ouch! That really hurt!
* * * LOW HITPOINT WARNING * * *
Natasha zaps a wand.
The puff of flame hits you!
You die...
Natasha curls up and begins to purr.

#...............#
#..........h....#
#...:...........#
.h...K........!.#
.######.........#
####.###.## ##)#
#..# ##@## #..# #
#.## #. ####.#
### #. ##...^#
#####.####
##.##.##...#.#
#........#
...........#.#
#........#
#.###..####.#
#........# #
#....# #.#
#........####.


You could see Natasha.

Vanquished Creatures
  4 bats
  4 endoplasms (D:1)
  A giant cockroach (D:1)
  2 goblins (D:1)
  2 hobgoblins (D:1)
  2 jackals (D:1)
  2 kobolds
  2 quokkas
  2 ball pythons
  A frilled lizard (D:1)
  6 rats (D:1)
28 creatures vanquished.

Notes
Turn   | Place    | Note
-------+----------+-------------------------------------------
     0 | D:1      | Autsider the Merfolk Ice Elementalist began the quest for
                  | the Orb.
     0 | D:1      | Reached XP level 1. HP: 13/13 MP: 3/3
   208 | D:1      | Reached XP level 2. HP: 20/20 MP: 1/5
   224 | D:1      | Reached skill level 1 in Fighting
   582 | D:1      | Reached XP level 3. HP: 9/26 MP: 0/6
  1071 | D:2      | Learned a level 3 spell: Frozen Ramparts
  1126 | D:2      | Noticed Natasha
  1143 | D:2      | Killed from afar by Natasha

Illustrated notes

Levels and vault maps discovered:
D:1:      moated_graveyard_arrival, layout_loops_ring
D:2:      layout_rooms, uniq_jessica, uniq_natasha

Skill      XL: |  1  2 |
---------------+-------+-----
Dodging        | 3 |  3.5
Fighting       | 1 |  1.7
Stealth        | |  2.1
Spellcasting   | |  2.0
Ice Magic      | |  4.7

Action                     || total
---------------------------++-------
  Melee: Unarmed           ||    58
         Punch             ||     1
         Spear             ||    20
   Cast: Freeze            ||    36
    Use: Potion            ||     1
   Stab: Sleeping          ||     1
 Armour: Robe              ||    54
  Dodge: Dodged            ||    58

Table legend: (Time is in decaauts)
 A = Elapsed time spent in this place.
 B = Non-inter-level travel time spent in this place.
 C = Inter-level travel time spent in this place.
 D = Time resting spent in this place.
 E = Time spent auto-exploring this place.
 F = Levels seen in this place.
 G = Mean time per level.
                   A        B        C        D        E       F      G
               +--------+--------+--------+--------+--------+-----+--------+
         Total |   1138 |   1069 |     69 |     74 |    766 |   2 |  569.0 |
       Dungeon |   1138 |   1069 |     69 |     74 |    766 |   2 |  569.0 |
               +--------+--------+--------+--------+--------+-----+--------+

Top non-repeatable levels by time:
     D:1: 1000 daAuts
     D:2: 137 daAuts
